 Dungeon Crawl Stone Soup version 0.29-a0-582-ge82337ba6a (webtiles) character file.

Game seed: 16292860203150389416

140 DocClef the Slasher (level 5, -9/45 HPs)
             Began as a Draconian Gladiator on June 14, 2022.
             Killed by nerve-wracking pain
             ... invoked by an orc priest
              (10 damage)
             ... on level 3 of the Dungeon.
             The game lasted 00:03:25 (3170 turns).

DocClef the Slasher (Draconian Gladiator)           Turns: 3170, Time: 00:03:26

Health: -9/45      AC:  5    Str: 17    XL:     5   Next: 2%
Magic:  5/5        EV: 13    Int:  8    God:
Gold:   99         SH:  0    Dex: 14    Spells: 4/4 levels left

rFire   . . .      SeeInvis .   a - +0 long sword
rCold   . . .      Faith    .   (no shield)
rNeg    . . .      Spirit   .   (body armour unavailable)
rPois   .          Reflect  .   b - +0 hat
rElec   .          Harm     .   (no cloak)
rCorr   .          Rampage  .   (no gloves)
Will    .....                   (no boots)
Stlth   +.........              (no amulet)
HPRegen 0.15/turn               (no ring)
MPRegen 0.09/turn               (no ring)

@: no status effects
A: AC +5, unfitting armour, cold-blooded
a: no special abilities


You were on level 3 of the Dungeon.
You visited 1 branch of the dungeon, and saw 3 of its levels.

You collected 99 gold pieces.

Inventory:

Hand Weapons
 a - a +0 long sword (weapon)
Missiles
 c - 3 throwing nets (quivered)
 d - a javelin
Armour
 b - a +0 hat (worn)
Wands
 l - a wand of iceblast (3)
Scrolls
 f - a scroll of enchant weapon {unknown}
 i - a scroll of noise {unknown}
 j - a scroll of summoning {unknown}
 k - a scroll of identify {unknown}
Potions
 e - a potion of curing {unknown}
 g - a potion of heal wounds {unknown}
 h - a potion of cancellation {unknown}


   Skills:
 + Level 3.3 Fighting
 + Level 3.8 Long Blades
 + Level 2.8 Throwing
 + Level 3.5 Dodging


You had 4 spell levels left.
You didn't know any spells.
Your spell library was empty.

Dungeon Overview and Level Annotations

Branches:
Dungeon (3/15)

Altars:

Shops:
D:1 *


Innate Abilities, Weirdness & Mutations

Your plain brown scales are hard. (AC +5)
You cannot fit into any form of body armour.
You are cold-blooded and may be slowed by cold attacks.


Message History

The orc barely misses you.
You hit the orc but do no damage.
Your tail-slap misses the orc.
The orc is moderately wounded.
You closely miss the orc. You tail-slap the orc.
The orc is almost dead.
The orc barely misses you.
You barely miss the orc.
The orc is almost dead.
The orc misses you.
You hit the orc.
You kill the orc!
You have reached level 5!
The orc attacks as you move away! The orc barely misses you.
You hit the orc but do no damage. The orc misses you.
You slash the orc!
You kill the orc!
The orc hits you with a +0 whip.
* * * LOW HITPOINT WARNING * * *
You closely miss the orc.
Your tail-slap misses the orc.
The orc is moderately wounded.
The orc hits you but does no damage.
You hit the orc but do no damage.
The orc is moderately wounded.
The orc barely misses you.
Unknown command.
The orc priest looks encouraged for a moment.
The orc hits you with a +0 whip.
* * * LOW HITPOINT WARNING * * *
You hit the orc but do no damage.
The orc is moderately wounded.
The orc priest calls down the wrath of Beogh upon you.
Beogh smites you!
* * * LOW HITPOINT WARNING * * *
The orc closely misses you.
You completely miss the orc.
The orc is moderately wounded.
The orc hits you but does no damage.
The orc priest invokes the aid of Beogh against you.
Pain shoots through your body!
You die...

#.##...........#.#.######.#
##.##.#########.#.#.#....#.##
#.....# #.#.#.##.#....####
#.....### #.#.#.##.###......
#(......#######.#.#......##.###.
##<##..........†#.####.#.#....#.
#.##...###...oo#.#....#.#..#.#.
#..'...oo....#o#.#..#.#########
######...#####.#@#.#..#.#
..........ooo#.#o#.#..#.#
############o#.#'#'#..#.#### ##≈
..#...............###≈≈
#.#o.........#.##..##≈≈≈
#.#..........#.....#≈≈≈#
#.#o..÷......#....P≈≈≈≈P
#.#o#.#.#.##.#....≈≈≈≈≈P
#.#.#.#...#......≈≈≈≈P..


You could see an orc priest and 3 orcs.

Vanquished Creatures
  An orc wizard (D:3)
  A gnoll (D:1)
  2 dart slugs (D:2)
  5 orcs (D:3)
  10 bats
  7 endoplasms (D:1)
  3 giant cockroaches
  9 goblins
  11 hobgoblins
  7 jackals (D:1)
  4 kobolds
  2 quokkas (D:1)
  13 ball pythons
  7 frilled lizards
  6 rats
88 creatures vanquished.

Vanquished Creatures (others)
  2 plants (D:3)
2 creatures vanquished.

Grand Total: 90 creatures vanquished

Notes
Turn   | Place    | Note
-------+----------+-------------------------------------------
     0 | D:1      | DocClef the Draconian Gladiator began the quest for the
                  | Orb.
     0 | D:1      | Reached XP level 1. HP: 17/17 MP: 1/1
    37 | D:1      | Found a large runed translucent door.
    37 | D:1      | Found a large runed translucent door.
   325 | D:1      | Reached XP level 2. HP: 19/25 MP: 2/2
   571 | D:1      | Found Tinkeduh's General Store.
   947 | D:1      | Reached XP level 3. HP: 25/30 MP: 3/3
  1766 | D:1      | Reached XP level 4. HP: 10/37 MP: 4/4
  1784 | D:1      | HP: 1/38 [bat (1)]
  1791 | D:1      | HP: 1/38 [bat (1)]
  2242 | D:2      | Found a faded altar of an unknown god.
  3157 | D:3      | Reached XP level 5. HP: 12/45 MP: 5/5
  3169 | D:3      | HP: 1/45 [orc priest/divine providence (11)]
  3170 | D:3      | Killed from afar by an orc priest

Illustrated notes

Levels and vault maps discovered:
D:1:      erik_arrival_cave_to_civilisation [erik_arrival_cave_to_temple],
          layout_basic, serial_shops, shop, serial_park_tiny_2,
          minmay_pentomino_w4
D:2:      layout_basic, nicolae_ecumenical_snake_handling
D:3:      layout_basic, chequers_big_river, uniq_terence

Skill      XL: |  1  2  3  4 |
---------------+-------------+-----
Throwing       | 2 |  2.8
Dodging        | 3 |  3.5
Fighting       | 3 |  3.3
Long Blades    | |  3.8

Action                   |  1- 3 |  4- 6 || total
-------------------------+-------+-------++-------
Melee: Long sword        |   112 |    92 ||   204
       Tailslap          |     3 |    10 ||    13
       Punch             |     2 |       ||     2
 Stab: Sleeping          |     1 |     1 ||     2
Armor: Skin              |    58 |    31 ||    89
Dodge: Dodged            |   167 |    77 ||   244

Table legend: (Time is in decaauts)
 A = Elapsed time spent in this place.
 B = Non-inter-level travel time spent in this place.
 C = Inter-level travel time spent in this place.
 D = Time resting spent in this place.
 E = Time spent auto-exploring this place.
 F = Levels seen in this place.
 G = Mean time per level.
                   A        B        C        D        E       F      G
               +--------+--------+--------+--------+--------+-----+--------+
         Total |   3222 |   3186 |     36 |    530 |   2166 |   3 | 1074.0 |
       Dungeon |   3222 |   3186 |     36 |    530 |   2166 |   3 | 1074.0 |
               +--------+--------+--------+--------+--------+-----+--------+

Top non-repeatable levels by time:
     D:1: 2179 daAuts
     D:2: 702 daAuts
     D:3: 339 daAuts
